AoeStats
← HAKUNA MATATA

Arena

505438273Analyzed
3v3 RM · 23d ago on Sep 9, 2026· 37m 8s· 6 players
Game mode
Random Map
Map size
Normal (6 player)
Population
200
Speed
Normal
Resources
Standard
Victory
Conquest
Starting age
Dark Age
Ending age
Imperial Age
RankedLock teamsTeams togetherTeam positionsShared explorationLock speedFull tech treeHidden civsTurbo modeCheats
Victory
Defeat
🇭🇰 Bohemians · Hong Kong SAR China
1425
+10
🇹🇷 Malay · Türkiye
1372
+12
🇦🇷 Teutons · Argentina
1361
+12
🇨🇳 Magyars · China
1341
-14
🇹🇼 Teutons · Taiwan
1302
-12
🇹🇼 Byzantines · Taiwan
1193
-8
bluemountain
8:16 Loom
10:27 Feudal Age
12:36 Fletching
13:25 Wheelbarrow
12:38 Town Watch
13:47 Horse Collar
20:47 Double-Bit Axe
24:46 Castle Age
26:33 Wheelbarrow
26:09 Bow Saw
26:24 Bodkin Arrow
26:53 Guard Tower
31:31 Imperial Age
29:30 Heavy Plow
30:58 Padded Archer Armor
31:27 Ballistics
31:19 Scale Mail Armor
33:34 Chemistry
33:13 Keep
34:19 Cavalier
35:10 Bloodlines
35:12 Fortified Wall
35:47 Forging
37:34 Conscription
TingA
7:48 Loom
10:46 Feudal Age
12:45 Fletching
14:49 Double-Bit Axe
22:57 Castle Age
34:59 Bow Saw
中国足球
10:11 Feudal Age
11:00 Double-Bit Axe
12:44 Wheelbarrow
13:03 Horse Collar
16:56 Loom
19:58 Castle Age
20:12 Light Cavalry
22:22 Bow Saw
23:23 Hand Cart
23:17 Heavy Plow
25:36 Scale Barding Armor
25:33 Town Watch
26:59 Husbandry
27:04 Stone Mining
28:15 Gold Mining
30:43 Bloodlines
30:40 Scale Barding Armor
31:21 Gold Shaft Mining
35:06 Imperial Age
Bear
6:51 Loom
9:26 Feudal Age
HAKUNA MATATA
11:47 Feudal Age
15:37 Castle Age
13:41 Double-Bit Axe
13:46 Horse Collar
16:14 Bow Saw
16:17 Heavy Plow
19:00 Pikeman
23:12 Loom
27:47 Imperial Age
25:35 Fletching
25:45 Padded Archer Armor
27:02 Wheelbarrow
26:25 Crossbowman
27:24 Bodkin Arrow
27:05 Capped Ram
27:14 Arbalester
29:05 Bracer
30:11 Leather Archer Armor
30:37 Hand Cart
30:08 Town Watch
30:16 Stone Mining
30:18 Gold Mining
31:00 Ballistics
31:41 Chemistry
31:51 Chemistry
32:37 Ring Archer Armor
36:32 Thumb Ring
302
12:00 Feudal Age
12:35 Loom
16:05 Castle Age
14:33 Fletching
16:57 Double-Bit Axe
16:59 Loom
19:42 Sanctity
19:32 Fervor
21:44 Redemption
31:25 Bow Saw
30:55 Horse Collar
32:08 Wheelbarrow
35:27 Imperial Age
34:43 Heavy Plow
36:16 Hand Cart
36:34 Town Watch
Connection lost

Rejoining the realm…

Still unreachable

The connection could not be restored.

Session expired

The server has moved on; the page needs a fresh start.